 Zot Defence DCSS version 0.15.2 (webtiles) character file.

103 jerryfan the Charlatan (level 4, 0/1 (35) HPs)
             Began as a Draconian Artificer on Sept 24, 2016.
             Rotted away (a giant newt)
             ... in the Realm of Zot (Scenario I: Hall of Zot).
             The game lasted 00:05:42 (352 turns).

jerryfan the Charlatan (Draconian Artificer)         Turns: 352, Time: 00:05:44

HP   0/1 (35)    AC  5     Str 14      XL: 4   Next: 51%
MP   7/7         EV 12     Int 12      God:
Gold 0           SH  0     Dex 12      Spells:  0 memorised,  3 levels left

rFire  . . .     SeeInvis .     a - +0 short sword
rCold  . . .     Clarity  .     (armour unavailable)
rNeg   . . .     rCorr    .     (no shield)
rPois  .         rRot     .     (helmet restricted)
rElec  .         Spirit   .     (no cloak)
SustAb .         Warding  .     (no gloves)
rMut   .         Stasis   .     (no boots)
Gourm  .                        (no amulet)
MR     .....                    (no ring)
                                (no ring)

@: not resistant to hostile enchantments, very unstealthy
A: unfitting armour, cold-blooded, AC +5
a: Make oklob sapling, Make arrow trap, Make plant, Remove Curse


You were in the Realm of Zot.
You were not hungry.

You visited 1 branch

Inventory:

Hand weapons
 a - a +0 short sword (weapon)
Magical devices
 b - a wand of flame (14)
 c - a wand of enslavement (11)
 d - a wand of random effects (11)
Comestibles
 g - a bread ration
 l - a chunk of rat flesh
 m - a chunk of rat flesh
Potions
 f - 3 potions of curing
 h - a potion of heal wounds
 i - a potion of haste
 j - 2 potions of magic
 k - a potion of berserk rage


   Skills:
 + Level 1.2 Fighting
 + Level 1.3 Short Blades
 + Level 2.6 Dodging
 - Level 0.8 Stealth
 + Level 4.9 Evocations


You had 3 spell levels left.
You didn't know any spells.

Dungeon Overview and Level Annotations

Branches:
    Zot (1/1)

Altars:


Innate Abilities, Weirdness & Mutations

Your plain brown scales are hard (AC +5).
Your body does not fit into most forms of armour.
Your cold-blooded metabolism reacts poorly to cold.


Message History

You hit the rat.
You kill the rat!
Your flesh rots away as the Orb of Zot is desecrated.
An arrow hits the ooze!
Your flesh rots away as the Orb of Zot is desecrated.
You hit the giant newt but do no damage.
Your flesh rots away as the Orb of Zot is desecrated. x6
Your flesh rots away as the Orb of Zot is desecrated.
You hit the giant newt.
Your flesh rots away as the Orb of Zot is desecrated. x3
Your tail-slap misses the giant newt.
The giant newt is heavily wounded.
Your flesh rots away as the Orb of Zot is desecrated. x5
Your flesh rots away as the Orb of Zot is desecrated.
You hit the giant newt but do no damage.
Your flesh rots away as the Orb of Zot is desecrated.
The giant newt is heavily wounded.
Your flesh rots away as the Orb of Zot is desecrated. x2
Ouch! That really hurt!
You die...

....#### ####.... .......###
###....... .........##
##......... ..........# ▓▓▓▓▓▓▓▓▓
#..........
..........▓▓▓.......▓▓▓..........
..........▓▓.........▓▓..........
..........▓...........▓).........
..........^%J%.%l)...)...........
..........▓....%@)....▓..........
..........▓▓.........▓▓..........
..........▓▓▓.(.....▓▓▓..........
..........▓ ▓▓▓▓▓▓▓▓▓ ▓..........
.........▓▓ ▓▓.........
.......▓▓▓ ▓▓▓....... ....▓▓▓▓
▓▓▓▓.... ▓▓▓▓▓▓▓▓ ▓▓▓▓▓▓▓▓ #▓∆∆▓
▓∆∆▓#


You could see an ooze and a giant newt.

Vanquished Creatures
  3 oozes (Zot)
  An orc (Zot)
  2 goblins (Zot)
  A ball python (Zot)
  3 bats (Zot)
  2 kobolds (Zot)
  4 rats (Zot)
16 creatures vanquished.

Vanquished Creatures (collateral kills)
  A hound (Zot)
  A bat (Zot)
  2 giant cockroaches (Zot)
  A goblin (Zot)
  3 kobolds (Zot)
  3 rats (Zot)
11 creatures vanquished.

Vanquished Creatures (others)
  An oklob sapling (Zot)
1 creature vanquished.

Grand Total: 28 creatures vanquished

Notes
Turn   | Place    | Note
--------------------------------------------------------------
     0 | Zot      | jerryfan, the Draconian Artificer, began the quest for the Orb.
     0 | Zot      | Reached XP level 1. HP: 16/16 MP: 1/1
   226 | Zot      | Reached XP level 2. HP: 12/12 MP: 3/3
   244 | Zot      | Reached skill level 4 in Evocations
   247 | Zot      | Reached XP level 3. HP: 12/17 MP: 5/5
   345 | Zot      | Reached XP level 4. HP: 24/24 MP: 7/7
   352 | Zot      | Rotted away (a giant newt)

Action                   |  1- 3 |  4- 6 || total
-------------------------+-------+-------++-------
Melee: Short sword       |    38 |     6 ||    44
 Abil: Make oklob saplin |     1 |       ||     1
       Make arrow trap   |       |     1 ||     1
Evoke: Wand              |     9 |       ||     9
  Use: Scroll            |     1 |       ||     1
 Stab: Paralysed         |     2 |       ||     2
